 Dungeon Crawl Stone Soup version 0.28.0 (webtiles) character file.

Game seed: 13029865243185789586

0 ryon the Firebug (level 1, -1/10 HPs)
             Began as a Gargoyle Fire Elementalist on Feb 15, 2022.
             Slain by a jackal (3 damage)
             ... on level 1 of the Dungeon.
             The game lasted 00:00:26 (58 turns).

ryon the Firebug (Gargoyle Fire Elementalist)         Turns: 58, Time: 00:00:27

Health: -1/10      AC:  4    Str: 11    XL:     1   Next: 0%
Magic:  3/3        EV: 11    Int: 15    God:
Gold:   9          SH:  0    Dex: 10    Spells: 3/4 levels left

rFire   . . .      SeeInvis .   (no weapon)
rCold   . . .      Faith    .   (no shield)
rNeg    + . .      Spirit   .   a - +0 robe
rPois   ∞          Reflect  .   (no helmet)
rElec   +          Harm     .   (no cloak)
rCorr   .          Rampage  .   (no gloves)
Will    .....                   (no boots)
Stlth   ++........              (no amulet)
HPRegen 0.03/turn               (no ring)
MPRegen 0.08/turn               (no ring)

@: no status effects
A: sickness immunity, AC +2, negative energy resistance 1, electricity
resistance, torment resistance 1, petrification resistance
a: no special abilities


You were on level 1 of the Dungeon.
You visited 1 branch of the dungeon, and saw 1 of its levels.

You collected 9 gold pieces.

Inventory:

Armour
 a - a +0 robe (worn)


   Skills:
 + Level 1.5 Dodging
 + Level 2.1 Stealth
 + Level 2.0 Spellcasting
 + Level 1.1 Conjurations
 + Level 3.0 Fire Magic


You had 3 spell levels left.
You knew the following spells:

 Your Spells              Type           Power      Damage    Failure   Level
a - Foxfire               Conj/Fire      28%        2x1d5     10%         1

Your spell library contained the following spells:

 Spells                   Type           Power      Damage    Failure   Level
 Scorch                   Fire           20%        2d6       10%         2
 Conjure Flame            Conj/Fire      7%         6-21      28%         3
 Inner Flame              Hex/Fire       6%         N/A       34%         3
 Flame Wave               Conj/Fire      7%         2d5       67%         4


Dungeon Overview and Level Annotations

Branches:
Dungeon (1/15)

Altars:


Innate Abilities, Weirdness & Mutations

You are immune to sickness and miasma.
Your stone body is resilient. (AC +2)
You are immune to poison.
You resist negative energy. (rN+)
You are resistant to electric shocks. (rElec)
You are resistant to unholy torment.
You are immune to petrification.


Message History

Found a deep dwarf skeleton.
Found a deep dwarf skeleton.
You see here a deep dwarf skeleton.
Found 9 gold pieces.
You see here a deep dwarf skeleton.
You now have 9 gold pieces.
You see here a deep dwarf skeleton.
You see here a deep dwarf skeleton.
Press: ? - help, v - describe, . - travel The floor. 3 jackals come into view.
The jackal barks! x2; You hear a shout!
You hear a bark!
You hear a shout!
You hear a shout!
A goblin comes into view. It is wielding a +0 club.
The jackal bites you but does no damage.
The jackal closely misses you.
A goblin comes into view. It is wielding a +0 club.
You completely miss the jackal. The jackal closely misses you.
The jackal barely misses you. The jackal bites you.
You hit the jackal.
The jackal is heavily wounded.
The jackal misses you. The jackal bites you.
The jackal bites you but does no damage.
The jackal closely misses you. The jackal bites you.
You closely miss the jackal.
The jackal is heavily wounded.
The jackal bites you.
* * * LOW HITPOINT WARNING * * *
The jackal completely misses you. The jackal barely misses you.
You hit the jackal.
The jackal is almost dead.
The jackal closely misses you. x2; The jackal bites you.
* * * LOW HITPOINT WARNING * * *
The jackal barely misses you.
The jackal bites you but does no damage.
You hit the jackal.
You kill the jackal!
The jackal bites you but does no damage.
The jackal bites you.
You die...

##... ..# .# #....
..#.. ##.... ..#.
#####...## ...
#.÷.....# ..##
#......## g..
#.##..÷#
####h##...#.##...##
#..@†.....#.......##
#.##h####.#÷÷......#
#.# ... #######..#
#.###############..#
#...................
####################


You could see 2 jackals and a goblin.

Vanquished Creatures
  A jackal (D:1)
1 creature vanquished.

Notes
Turn   | Place    | Note
-------+----------+-------------------------------------------
     0 | D:1      | ryon the Gargoyle Fire Elementalist began the quest for the
                  | Orb.
     0 | D:1      | Reached XP level 1. HP: 10/10 MP: 3/3
    58 | D:1      | Slain by a jackal

Illustrated notes

Levels and vault maps discovered:
D:1:      amcnicky_arrival_wind_blow, layout_basic, nrook_uturn

Action                   || total
-------------------------++-------
Melee: Unarmed           ||     5
Armor: Robe              ||     4
Dodge: Dodged            ||    10
